 Dungeon Crawl Stone Soup version 0.28-a0-1520-gc3277d3759 (webtiles) character file.

Game seed: 12977286516337464287

466 esteth the Magician (level 7, -5/50 HPs)
             Began as a Gnoll Hedge Wizard on Jan 17, 2022.
             Was an Initiate of Okawaru.
             Killed by miscasting Mephitic Cloud (7 damage)
             ... on level 4 of the Dungeon.
             The game lasted 00:11:39 (5587 turns).

esteth the Magician (Gnoll Hedge Wizard)            Turns: 5587, Time: 00:11:39

Health: -5/50      AC:  3    Str: 10    XL:     7   Next: 8%
Magic:  13/18      EV: 13    Int: 15    God:    Okawaru [......]
Gold:   178        SH:  0    Dex: 11    Spells: 15/21 levels left

rFire   . . .      SeeInvis .   j - +0 flail
rCold   . . .      Faith    .   (no shield)
rNeg    + . .      Spirit   .   b - +0 robe
rPois   .          Reflect  .   c - +1 hat
rElec   .          Harm     .   (no cloak)
rCorr   .          Rampage  .   (no gloves)
Will    .....                   (no boots)
Stlth   +++.......              (no amulet)
HPRegen 0.16/turn               n - ring of positive energy
MPRegen 0.16/turn               (no ring)

@: lethally poisoned (-5 -> -10), weak-willed, very slightly contaminated
A: fangs 1, strong nose, distributed training
a: Renounce Religion


You were on level 4 of the Dungeon.
You worshipped Okawaru.
Okawaru was noncommittal.
You visited 1 branch of the dungeon, and saw 4 of its levels.

You collected 178 gold pieces.

Inventory:

Hand Weapons
 a - a +0 dagger
 j - a +0 flail (weapon)
Armour
 b - a +0 robe (worn)
 c - a +1 hat (worn)
Jewellery
 m - an amulet of guardian spirit
 n - a ring of positive energy (left hand)
Wands
 h - a wand of mindburst (22)
Scrolls
 e - 3 scrolls of identify
 l - 5 scrolls of amnesia
Potions
 d - a potion of heal wounds {unknown}
 f - a potion of magic {unknown}
 i - a potion of flight
 o - a potion of berserk rage {unknown}


   Skills:
 + Level 2.2 Fighting
 + Level 2.2 Short Blades
 + Level 2.2 Long Blades
 + Level 2.2 Axes
 + Level 2.2 Maces & Flails
 + Level 2.2 Polearms
 + Level 2.2 Staves
 + Level 2.2 Slings
 + Level 2.2 Bows
 + Level 2.2 Crossbows
 + Level 2.2 Throwing
 + Level 2.2 Armour
 + Level 5.1 Dodging
 + Level 4.7 Stealth
 + Level 2.2 Shields
 + Level 2.2 Unarmed Combat
 + Level 7.5 Spellcasting
 + Level 2.8 Conjurations
 + Level 1.8 Hexes
 + Level 2.8 Summonings
 + Level 1.8 Necromancy
 + Level 2.8 Translocations
 + Level 1.8 Transmutations
 + Level 1.8 Fire Magic
 + Level 1.8 Ice Magic
 + Level 1.8 Air Magic
 + Level 1.8 Earth Magic
 + Level 1.8 Poison Magic
 + Level 2.5 Invocations
 + Level 2.2 Evocations


You had 15 spell levels left.
You knew the following spells:

 Your Spells              Type           Power      Damage    Failure   Level
a - Magic Dart            Conj           56%        1d5       4%          1
c - Mephitic Cloud        Conj/Pois/Air  12%        N/A       16%         3
d - Blink                 Tloc           28%        N/A       6%          2

Your spell library contained the following spells:

 Spells                   Type           Power      Damage    Failure   Level
 Slow                     Hex            44%        N/A       6%          1
 Conjure Flame            Conj/Fire      12%        6-21      14%         3
 Call Imp                 Summ           Unusable   N/A       N/A         2

Dungeon Overview and Level Annotations

Branches:
Dungeon (4/15)
 Temple: D:4-7

Altars:
Okawaru

Shops:
D:4 (

Annotations:
D:4 Edmund, Eustachio, Pikel


Innate Abilities, Weirdness & Mutations

You have very sharp teeth.
Your uncanny sense of smell can sniff out nearby items.
Your experience applies equally to all skills.


Message History

Pikel hits you with a +2 whip of freezing!
Pikel freezes you.
Casting: Magic Dart (safe; 4% risk of failure)
Confirm with . or Enter, or press ? or * to list all spells.
Aiming: Magic Dart (safe; 4% risk of failure)
Press: ? - help, Shift-Dir - straight line, f/p - Pikel
Aim: Pikel, wielding a +2 whip of freezing and wearing a +0 robe (lightly wounded, 100% to hit)
The magic dart hits Pikel but does no damage.
Pikel is lightly wounded.
Pikel hits you with a +2 whip of freezing.
Pikel freezes you.
Casting: Magic Dart (safe; 4% risk of failure)
Confirm with . or Enter, or press ? or * to list all spells.
Aiming: Magic Dart (safe; 4% risk of failure)
Press: ? - help, Shift-Dir - straight line, f/p - Pikel
Aim: Pikel, wielding a +2 whip of freezing and wearing a +0 robe (lightly wounded, 100% to hit)
The magic dart hits Pikel but does no damage.
Pikel is lightly wounded.
Pikel hits you with a +2 whip of freezing!
Pikel freezes you.
As you read the scroll labelled DAERUE RELUNG, it crumbles to dust.
Magic quickly surges around you.
It was a scroll of vulnerability.
Pikel hits you with a +2 whip of freezing!
* * * LOW HITPOINT WARNING * * *
Pikel freezes you.
* * * LOW HITPOINT WARNING * * *
Pikel hits you with a +2 whip of freezing.
* * * LOW HITPOINT WARNING * * *
Pikel freezes you.
* * * LOW HITPOINT WARNING * * *
Casting: Magic Dart (safe; 4% risk of failure)
Confirm with . or Enter, or press ? or * to list all spells.
Aiming: Mephitic Cloud (dangerous; 16% risk of failure)
Press: ? - help, Shift-Dir - straight line, f/p - Pikel
Aim: Pikel, wielding a +2 whip of freezing and wearing a +0 robe (lightly wounded, weak-willed, chance to affect: 72%)
You miscast Mephitic Cloud.
You are very lightly contaminated with residual magic.
You feel rather nauseous for a moment!
You are lethally poisoned!
You die...

####.........####...........### #
#.........####.....#.....# #
#..................+.....# #
#..........###....##.....# # #
#.................##.....# #
##########'#..###....##.....# #
+........#.#..# #...###.....#####
########.#.#..###+#'###..........
..............K.@.....#......##..
########.#.###........##.#...##..
#.#.# #........##.#.#.##..
#######'#.# #.####'####.#.#.....
#..(......# #..# #.# #.#.#.##.#
#.........# ##.# #.# #.#.#.##..
#.........# #.###.# #.#.#.####
#.........# #..##.# #.#.......
#.........# ##.##.# #.#..####'


You could see Pikel (weak-willed).

Vanquished Creatures
  An ogre (D:4)
  A kobold brigand (D:4)
  A water moccasin skeleton (D:4)
  A hound skeleton (D:4)
  A howler monkey zombie (D:3)
  Robin (D:3)
  5 adders
  An adder skeleton (D:4)
  2 worms
  A dart slug (D:4)
  8 orcs
  6 endoplasms
  4 giant cockroaches
  9 goblins (D:3)
  3 hobgoblins
  2 jackals (D:1)
  2 kobolds
  4 ball pythons
  7 bats
  2 frilled lizards (D:3)
  7 rats
69 creatures vanquished.

Vanquished Creatures (collateral kills)
  An ogre (D:3)
  Terence (D:2)
  A giant cockroach (D:3)
  A hobgoblin (D:2)
  A rat (D:2)
5 creatures vanquished.

Grand Total: 74 creatures vanquished

Notes
Turn   | Place    | Note
-------+----------+-------------------------------------------
     0 | D:1      | esteth the Gnoll Hedge Wizard began the quest for the Orb.
     0 | D:1      | Reached XP level 1. HP: 13/13 MP: 8/8
   705 | D:1      | Reached XP level 2. HP: 9/19 MP: 0/10
  1444 | D:1      | Found a faded altar of an unknown god.
  1555 | D:2      | Reached XP level 3. HP: 20/25 MP: 2/11
  1632 | D:2      | Learned a level 2 spell: Call Imp
  1749 | D:2      | Noticed Terence
  1778 | D:2      | Killed Terence
  1779 | D:2      | Reached skill level 1 in Fighting
  1779 | D:2      | Reached skill level 1 in Short Blades
  1779 | D:2      | Reached skill level 1 in Long Blades
  1779 | D:2      | Reached skill level 1 in Axes
  1779 | D:2      | Reached skill level 1 in Maces & Flails
  1779 | D:2      | Reached skill level 1 in Polearms
  1779 | D:2      | Reached skill level 1 in Staves
  1779 | D:2      | Reached skill level 1 in Slings
  1779 | D:2      | Reached skill level 1 in Bows
  1779 | D:2      | Reached skill level 1 in Crossbows
  1779 | D:2      | Reached skill level 1 in Throwing
  1779 | D:2      | Reached skill level 1 in Armour
  1779 | D:2      | Reached skill level 1 in Shields
  1779 | D:2      | Reached skill level 1 in Unarmed Combat
  1779 | D:2      | Reached skill level 1 in Invocations
  1779 | D:2      | Reached skill level 1 in Evocations
  2011 | D:2      | Reached XP level 4. HP: 32/32 MP: 9/13
  2520 | D:3      | Reached skill level 1 in Hexes
  2520 | D:3      | Reached skill level 1 in Necromancy
  2520 | D:3      | Reached skill level 1 in Transmutations
  2520 | D:3      | Reached skill level 1 in Fire Magic
  2520 | D:3      | Reached skill level 1 in Ice Magic
  2520 | D:3      | Reached skill level 1 in Air Magic
  2520 | D:3      | Reached skill level 1 in Earth Magic
  2520 | D:3      | Reached skill level 1 in Poison Magic
  2698 | D:3      | Noticed an ogre
  2721 | D:3      | Killed an ogre
  2722 | D:3      | Reached XP level 5. HP: 35/37 MP: 8/14
  3087 | D:3      | Noticed Robin
  3103 | D:3      | Killed Robin
  3118 | D:3      | Reached XP level 6. HP: 37/44 MP: 1/16
  3334 | D:3      | Learned a level 3 spell: Mephitic Cloud
  3374 | D:3      | Found an iron altar of Okawaru.
  3659 | D:3      | Became a worshipper of Warmaster Okawaru
  4141 | D:4      | Noticed Edmund
  4191 | D:4      | Reached skill level 5 in Dodging
  4471 | D:4      | Found Ugeag's Weapon Shop.
  4666 | D:4      | Reached XP level 7. HP: 50/50 MP: 9/18
  4723 | D:4      | Learned a level 2 spell: Blink
  4872 | D:4      | Noticed Pikel
  4911 | D:3      | HP: 1/50 [lemure[Pikel] (4)]
  5557 | D:4      | Noticed Eustachio
  5583 | D:4      | HP: 2/50 [Pikel (4)]
  5587 | D:4      | Killed by miscasting Mephitic Cloud

Illustrated notes

Levels and vault maps discovered:
D:1:      dpeg_arrival_fog, layout_loops_ring, serial_bayou,
          serial_bayou_lake_a, serial_bayou_pond_a, serial_bayou_pond_c,
          serial_bayou_pond_e, hellmonk_ecumenical_altar_leap_of_faith,
          minmay_misc_feat_secret_circle, minmay_crystal_room
D:2:      layout_basic, uniq_terence
D:3:      layout_loops_ring, okawaru_metal_pillars_3, minmay_misc_feat_x,
          uniq_robin
D:4:      layout_basic, serial_shops, nicolae_shop_hallway_stairs, uniq_pikel,
          uniq_edmund, uniq_eustachio

Skill      XL: |  1  2  3  4  5  6 |
---------------+-------------------+-----
Conjurations   | 2 |  2.8
Summonings     | 2 |  2.8
Translocations | 2 |  2.8
Fighting       | 1 2 |  2.2
Short Blades   | 1 2 |  2.2
Long Blades    | 1 2 |  2.2
Axes           | 1 2 |  2.2
Maces & Flails | 1 2 |  2.2
Polearms       | 1 2 |  2.2
Staves         | 1 2 |  2.2
Slings         | 1 2 |  2.2
Bows           | 1 2 |  2.2
Crossbows      | 1 2 |  2.2
Throwing       | 1 2 |  2.2
Armour         | 1 2 |  2.2
Shields        | 1 2 |  2.2
Unarmed Combat | 1 2 |  2.2
Invocations    | 1 2 |  2.5
Evocations     | 1 2 |  2.2
Hexes          | 1 |  1.8
Necromancy     | 1 |  1.8
Transmutations | 1 |  1.8
Fire Magic     | 1 |  1.8
Ice Magic      | 1 |  1.8
Air Magic      | 1 |  1.8
Earth Magic    | 1 |  1.8
Poison Magic   | 1 |  1.8
Dodging        | 5 |  5.1
Stealth        | |  4.7
Spellcasting   | |  7.5

Action                   |  1- 3 |  4- 6 |  7- 9 || total
-------------------------+-------+-------+-------++-------
Melee: Dagger            |    24 |       |       ||    24
       Bite              |     4 |     5 |     1 ||    10
       Punch             |     1 |     1 |       ||     2
       Flail             |    10 |    22 |     4 ||    36
 Cast: Magic Dart        |    57 |   160 |    44 ||   261
       Call Imp          |     2 |     1 |       ||     3
       Mephitic Cloud    |       |     1 |       ||     1
  Use: Potion            |     2 |       |     3 ||     5
       Scroll            |       |     4 |     3 ||     7
Armor: Robe              |    12 |     5 |       ||    17
Dodge: Dodged            |    59 |    41 |    22 ||   122

Table legend: (Time is in decaauts)
 A = Elapsed time spent in this place.
 B = Non-inter-level travel time spent in this place.
 C = Inter-level travel time spent in this place.
 D = Time resting spent in this place.
 E = Time spent auto-exploring this place.
 F = Levels seen in this place.
 G = Mean time per level.
                   A        B        C        D        E       F      G
               +--------+--------+--------+--------+--------+-----+--------+
         Total |   5655 |   5530 |    125 |   2342 |   2521 |   4 | 1413.8 |
       Dungeon |   5655 |   5530 |    125 |   2342 |   2521 |   4 | 1413.8 |
               +--------+--------+--------+--------+--------+-----+--------+

Top non-repeatable levels by time:
     D:3: 1911 daAuts
     D:1: 1603 daAuts
     D:4: 1404 daAuts
     D:2: 736 daAuts
